 Dungeon Crawl Stone Soup version 0.29-a0-22-gbf593b16ee (webtiles) character file.

Game seed: 10823403495489085761

183 Hasart the Insei (level 5, -2/34 HPs)
             Began as an Octopode Transmuter on Jan 29, 2022.
             Slain by a gnoll (7 damage)
             ... on level 3 of the Dungeon.
             The game lasted 00:03:52 (2815 turns).

Hasart the Insei (Octopode Transmuter)              Turns: 2815, Time: 00:03:53

Health: -2/34      AC:  1    Str:  9    XL:     5   Next: 62%
Magic:  8/8        EV:  9    Int: 17    God:
Gold:   115        SH: 13    Dex: 13    Spells: 3/9 levels left

rFire   . . .      SeeInvis .     - Unarmed
rCold   + . .      Faith    .   d - +2 tower shield
rNeg    . . .      Spirit   .   (helmet restricted)
rPois   .          Reflect  .   (no amulet)
rElec   .          Harm     .   c - ring of protection from cold
rCorr   .          Rampage  .   (no ring)
Will    .....                   (no ring)
Stlth   ++........              (no ring)
HPRegen 0.11/turn               (no ring)
MPRegen 0.11/turn               (no ring)
                                (no ring)
                                (no ring)

@: studying Ice Magic
A: almost no armour, amphibious, 8 rings, camouflage 1, gelatinous body 1,
(nimble swimmer 1), tentacles
a: no special abilities


You were on level 3 of the Dungeon.
You visited 1 branch of the dungeon, and saw 3 of its levels.

You collected 115 gold pieces.

Inventory:

Armour
 d - a +2 tower shield (worn)
Jewellery
 c - a ring of protection from cold (left tentacle)
 i - an amulet of regeneration
Scrolls
 a - a scroll of holy word {unknown}
 f - a scroll of vulnerability {unknown}
Potions
 b - 2 potions of curing {unknown}
 e - a potion of cancellation {unknown}
 g - a potion of attraction {unknown}
 h - a potion of degeneration {unknown}


   Skills:
 + Level 2.0 Fighting
 + Level 2.7 Dodging
 + Level 0.9 Shields
 * Level 4.0 Unarmed Combat
 + Level 2.6 Spellcasting
 + Level 2.7 Transmutations
 + Level 1.4 Ice Magic
 + Level 1.3 Poison Magic


You had 3 spell levels left.
You knew the following spells:

 Your Spells              Type           Power      Damage    Failure   Level
a - Beastly Appendage     Tmut           22%        N/A       67%         1
b - Wereblood             Tmut           11%        N/A       82%         2
c - Spider Form           Tmut/Pois      9%         N/A       98%         3

Your spell library contained the following spells:

 Spells                   Type           Power      Damage    Failure   Level
 Magic Dart               Conj           8%         1d3       97%         1
 Call Imp                 Summ           2%         N/A       99%         2
 Mephitic Cloud           Conj/Pois/Air  3%         N/A       100%        3
 Ice Form                 Ice/Tmut       9%         N/A       100%        4


Dungeon Overview and Level Annotations

Branches:
Dungeon (3/15)

Altars:

Shops:
D:2 [*


Innate Abilities, Weirdness & Mutations

You cannot wear most types of armour.
You are amphibious.
You can wear up to eight rings at the same time.
Your skin changes colour to match your surroundings (Stealth+).
Your rubbery body absorbs attacks. (AC +1, EV +1)
((You are camouflaged when in or above water. (Stealth+)))
You have tentacles for arms and can constrict up to eight enemies at once.


Message History

There is an open door here.
Found a stone staircase leading down.
You now have 101 gold pieces (gained 8).
You now have 115 gold pieces (gained 14).
A gnoll comes into view. It is wielding a +0 flail.
A gnoll is nearby!
A gnoll comes into view.
It is wielding a +0 spear. 2 gnolls come into view.
You block the gnoll's attack.
The gnoll shouts!
You tentacle-slap the gnoll. Your grab misses the gnoll.
Your squeeze misses the gnoll.
The gnoll is lightly wounded.
The gnoll shouts! x2
You block the gnoll's attack. The gnoll misses you.
You closely miss the gnoll. Your grab misses the gnoll.
You block the gnoll's attack. The gnoll hits you with a +0 flail.
You barely miss the gnoll. Your grab misses the gnoll.
You block the gnoll's attack. The gnoll hits you with a +0 flail!
The gnoll barely misses you.
You tentacle-slap the gnoll. Your grab misses the gnoll. You squeeze the gnoll.
The gnoll is almost dead.
The gnoll barely misses you.
You tentacle-slap the gnoll.
You kill the gnoll!
You block the gnoll's attack.
The gnoll hits you from afar with a +0 spear.
You completely miss the gnoll. You grab the gnoll.
You squeeze the gnoll, but do no damage.
You constrict the gnoll. You block the gnoll's attack.
The gnoll hits you from afar with a +0 spear.
The gnoll hits you with a +0 whip.
* * * LOW HITPOINT WARNING * * *
You tentacle-slap the gnoll but do no damage.
The gnoll is lightly wounded.
You constrict the gnoll. You block the gnoll's attack.
The gnoll hits you with a +0 whip.
* * * LOW HITPOINT WARNING * * *
The gnoll hits you from afar with a +0 spear!
You die...

...).# #.# ###### .#.#
.#.# ########### .#.#
#.#.........# .#.#
###......####.# g#.#
.......#.# #.# .#.#
.......#.# #.####g#.#
.......#.# #...@g.#.#
.......#.###########.#
.......#.............#
.......###############
#####'## #####'###
##......# #.....(#
#......#


You could see 2 gnolls.

Vanquished Creatures
  An orc priest (D:3)
  An iguana (D:2)
  An orc wizard (D:3)
  A gnoll (D:3)
  3 adders
  A worm (D:3)
  A dart slug (D:1)
  4 orcs (D:3)
  4 ball pythons
  2 bats
  6 endoplasms
  A giant cockroach (D:3)
  9 goblins
  8 hobgoblins
  3 jackals (D:3)
  2 kobolds (D:1)
  3 quokkas
  3 frilled lizards
  5 rats
59 creatures vanquished.

Notes
Turn   | Place    | Note
-------+----------+-------------------------------------------
     0 | D:1      | Hasart the Octopode Transmuter began the quest for the Orb.
     0 | D:1      | Reached XP level 1. HP: 13/13 MP: 3/3
   138 | D:1      | Reached XP level 2. HP: 6/18 MP: 5/5
   340 | D:1      | Learned a level 2 spell: Wereblood
  1129 | D:2      | Reached XP level 3. HP: 19/23 MP: 3/6
  1140 | D:2      | Learned a level 3 spell: Spider Form
  1452 | D:2      | Found Qosch's Antique Armour Emporium.
  1724 | D:2      | Reached XP level 4. HP: 27/29 MP: 7/7
  1742 | D:2      | Found Desocvos's Assorted Antiques.
  2148 | D:3      | Reached skill level 1 in Poison Magic
  2373 | D:3      | Reached XP level 5. HP: 13/34 MP: 8/8
  2584 | D:3      | Reached skill level 1 in Ice Magic
  2588 | D:3      | Reached skill level 4 in Unarmed Combat
  2815 | D:3      | Slain by a gnoll

Illustrated notes

Levels and vault maps discovered:
D:1:      wander_arrival_desolate, layout_rooms
D:2:      layout_rooms, serial_shops, nicolae_lakefront_shop, shop_fountains,
          minivault_11, due_unseen_surprise
D:3:      layout_basic

Skill      XL: |  1  2  3  4  5 |
---------------+----------------+-----
Poison Magic   | 1 |  1.3
Ice Magic      | 1 |  1.4
Fighting       | 2 |  2.0
Unarmed Combat | 4 |  4.0
Dodging        | |  2.7
Shields        | |  0.9
Spellcasting   | |  2.6
Transmutations | |  2.7

Action                   |  1- 3 |  4- 6 || total
-------------------------+-------+-------++-------
Melee: Unarmed           |    88 |    56 ||   144
       Constrict         |    21 |    19 ||    40
       Tentacles         |    17 |    18 ||    35
       Punch             |     4 |     1 ||     5
 Cast: Wereblood         |     1 |       ||     1
 Stab: Sleeping          |     4 |     3 ||     7
       Distracted        |       |     1 ||     1
Armor: Skin              |     3 |     3 ||     6
Dodge: Dodged            |    37 |    14 ||    51
Block: Tower shield      |    15 |    35 ||    50

Table legend: (Time is in decaauts)
 A = Elapsed time spent in this place.
 B = Non-inter-level travel time spent in this place.
 C = Inter-level travel time spent in this place.
 D = Time resting spent in this place.
 E = Time spent auto-exploring this place.
 F = Levels seen in this place.
 G = Mean time per level.
                   A        B        C        D        E       F      G
               +--------+--------+--------+--------+--------+-----+--------+
         Total |   2837 |   2784 |     53 |      0 |   2368 |   3 |  945.7 |
       Dungeon |   2837 |   2784 |     53 |      0 |   2368 |   3 |  945.7 |
               +--------+--------+--------+--------+--------+-----+--------+

Top non-repeatable levels by time:
     D:1: 1097 daAuts
     D:3: 1033 daAuts
     D:2: 706 daAuts
